Tolliver Groat, neutral female gnomish Tourist --------- |.......| |.......| |.......| |<......| ----.---- ## # @## -q- ..... .......| .........| |....u....| ..>.......| ----------- Tolliver Groat the Sightseer Experience level: 5 Strength: 9 Dexterity: 11 Constitution: 17 Intelligence: 14 Wisdom: 7 Charisma: 18 Health: 0(43) Energy: 22(22) Def: 0 Gold: 240 Moves: 1283 Dungeon seed: -7MeZUfabT3LvJkK Game ID: Tolliver Groat_1529607114 Your Inventory: Coins $ - 240 gold pieces Weapons a - 39 uncursed +2 darts (in quiver) o - an uncursed +2 aklys (weapon in hand) A - a cursed -2 dagger D - an uncursed +1 elven dagger Armor l - an uncursed +0 Hawaiian shirt (being worn) y - an uncursed +0 dwarvish cloak Comestibles c - 6 uncursed food rations d - an uncursed melon f - an uncursed tin of spinach g - 2 uncursed apples h - an uncursed egg q - an uncursed tripe ration Scrolls j - 4 uncursed scrolls of magic mapping x - an uncursed scroll of water Potions r - an uncursed potion of enlightenment s - a blessed potion of healing z - an uncursed potion of healing B - an uncursed potion of confusion Wands m - an uncursed wand of secret door detection (0:13) Tools e - an uncursed skeleton key k - an uncursed expensive camera (0:73) n - an uncursed towel w - an uncursed credit card C - an uncursed oil lamp (0:1263) Spells and supernatural/magical abilities: Name Level Category Fail Memory n - detect monsters 1 divination 8% 97% W - pray for help -- divine ? -- Your skills at the end: Miscellaneous Skills wands [Basic] stealth [Expert] Weapon Skills club [Basic] dart [Basic] Spellcasting Skills Final Attributes: You were devoutly aligned. You had infravision. You were very stealthy. You are dead. Vanquished creatures: an imp a shrieker a puppy a floating eye a rothe a jitterbug an orc zombie 4 dwarf zombies a gas spore 3 hobbits an acid blob 5 geckos a hobgoblin 4 giant rats 2 yellow molds 4 gnomes a gnome zombie a jackal a fox 2 kobolds 2 newts 2 goblins 2 sewer rats 2 grid bugs 2 lichens 47 creatures vanquished. Voluntary challenges: You did not adorn yourself with jewelry or accessories. You did not cause conflict. You were not invisible. You did not have reflection. You were not displaced. You used a wielded weapon 60 times, starting on turn 47. You did not apply a unicorn horn. You did not use plumbed fixtures. You read items or engraved 2 times, starting on turn 512. You never genocided any monsters. You never polymorphed an object. You never changed form. You used no wishes. You never split a pudding. You never wrote Elbereth's name. You never violated your personal moral code. Dungeon overview: The Dungeons of Doom: levels 1 to 3 Level 1 a fountain a long staircase Level 2 a general store, a fountain Level 3 a potion shop stairs to The Gnomish Mines The Gnomish Mines: levels 4 to 7 Level 4 stairs to The Dungeons of Doom Level 5 Level 6 Level 7 <- You were here History has recorded: On T:1 you entered the Dungeons of Doom to retrieve the Amulet of Yendor! On T:255 you reached level 2 of The Dungeons of Doom. On T:379 you advanced to experience level 2. On T:622 you reached level 3 of The Dungeons of Doom. On T:801 you advanced to experience level 3. On T:902 you reached level 1 of The Gnomish Mines. On T:1016 you reached level 2 of The Gnomish Mines. On T:1081 you reached level 3 of The Gnomish Mines. On T:1082 you prayed to The Lady. On T:1103 you advanced to experience level 4. On T:1205 you advanced to experience level 5. On T:1256 you reached level 4 of The Gnomish Mines. Score breakdown: Gold: 76 ( 7 points) Experience: 5 levels ( 400 points) Exploration: 7 levels ( 180 points) Discoveries: 10 items ( 500 points) Variety of kills: 25 monsters ( 1250 points) Major goal: (nothing yet) ( 0 points) Survival: died (score multiplied by 3) Total score: 7011 Latest messages: You hit the rothe. You hear the chime of a cash register. You kill the rothe! You hit the pony! The pony kicks! The pony bites! The pony kicks! The pony bites! The tin of jackal meat misses the pony. You feel much better. The rothe claws you! The rothe bites! (2x) You hit the rothe. The rothe claws you! The rothe bites! (2x) You hit the rothe! The rothe claws you! The rothe bites! (2x) You die... Final status: Aloha Tolliver Groat the Tourist, killed by a rothe... You died in The Gnomish Mines on dungeon level 7 with 7011 points, and 240 pieces of gold, after 1283 moves. You were level 5 with a maximum of 43 hit points when you died.